[ AOE2 MATCH · #476878401 ]
UnrankedPersians vs Britons
[ REPLAY ANALYSIS · EXTRACTED FROM THE RECORDED GAME ]
Feudal
14:37
Castle
20:48
Imperial
—
| APM avg | 44.9 |
| APM peak | 107 |
| eAPM avg | 20.7 |
| Villagers / military | 61 / 14 |
Focus
⚔️ 27.8% · 🌾 72.2%
Unknown (2626) ×27 · Fishing Ship ×15 · Knight ×8 · Fire Galley ×6
Feudal
13:40
Castle
17:14
Imperial
—
| APM avg | 37.0 |
| APM peak | 52 |
| eAPM avg | 21.1 |
| Villagers / military | 72 / 35 |
Focus
⚔️ 24.8% · 🌾 75.2%
Knight ×33 · Fishing Ship ×16 · Fire Galley ×2 · Unknown (2626) ×2
Feudal
13:35
Castle
18:09
Imperial
—
| APM avg | 53.0 |
| APM peak | 105 |
| eAPM avg | 21.3 |
| Villagers / military | 30 / 12 |
Focus
⚔️ 36.1% · 🌾 63.9%
Fishing Ship ×8 · Steppe Lancer ×6 · Scout Cavalry ×5 · Iron Pagoda ×1
Feudal
13:39
Castle
17:12
Imperial
—
| APM avg | 56.9 |
| APM peak | 110 |
| eAPM avg | 20.8 |
| Villagers / military | 77 / 10 |
Focus
⚔️ 35.7% · 🌾 64.3%
Unknown (2626) ×12 · Galley ×10 · Fishing Ship ×10
Feudal
12:17
Castle
27:00
Imperial
—
| APM avg | 49.4 |
| APM peak | 89 |
| eAPM avg | 25.6 |
| Villagers / military | 51 / 20 |
Focus
⚔️ 50.7% · 🌾 49.3%
Archer ×13 · Fishing Ship ×8 · Spearman ×3 · Battering Ram ×3 · Knight ×1
Feudal
17:08
Castle
20:38
Imperial
—
| APM avg | 40.7 |
| APM peak | 73 |
| eAPM avg | 19.9 |
| Villagers / military | 59 / 25 |
Focus
⚔️ 31.4% · 🌾 68.6%
Fishing Ship ×13 · Camel Scout ×10 · Spearman ×6 · Mangonel ×4 · Monk ×2 · Fire Galley ×2
Feudal
14:25
Castle
22:01
Imperial
—
| APM avg | 36.6 |
| APM peak | 65 |
| eAPM avg | 25.7 |
| Villagers / military | 92 / 24 |
Focus
⚔️ 49.3% · 🌾 50.7%
Fishing Ship ×24 · Unknown (2626) ×11 · Spearman ×10 · Galley ×7 · Fire Galley ×7
Feudal
14:23
Castle
18:43
Imperial
—
| APM avg | 52.5 |
| APM peak | 99 |
| eAPM avg | 18.5 |
| Villagers / military | 64 / 34 |
Focus
⚔️ 26.8% · 🌾 73.2%
Spearman ×13 · Fishing Ship ×12 · Knight ×8 · Monk ×5 · Mangonel ×4 · Unknown (2626) ×3
Match map
Initial resources + every placement click. Lines = walls · curves = elevation contours. ◆ gold · ⬟ stone · ● berries · ✦ relic · ◌ wall gap
Your base· Open — unwalled flank
Elnath's base· Open — 7t gap
Brunker's base· Open — 4t gap
Calais's base· Open — 5t gap
Eli's base· Open — 15t gap
BoyWonder_'s base· Open — 11t gap
DaddyWonder's base· Open — 4t gap
MC MC MC's base· Open — 6t gap
Smoothed initial terrain · ◌ = detected wall gap · hover for details
Inputs per minute
— S-Tier Willy - - Elnath
Build order — S-Tier Willy
First 150 of 177 actions detected
| 0:15 | Build | Town Center |
| 1:11 | Build | House |
| 2:04 | Build | Dock |
| 2:08 | Build | Palisade Wall |
| 2:10 | Build | Palisade Wall |
| 2:33 | Create | Villager (Male) |
| 2:33 | Create | Villager (Male) |
| 2:34 | Create | Villager (Male) |
| 2:34 | Create | Villager (Male) |
| 2:35 | Create | Villager (Male) |
| 2:47 | Create | Fishing Ship |
| 3:34 | Build | House |
| 4:12 | Create | Fishing Ship |
| 4:36 | Research | Loom |
| 4:45 | Create | Villager (Male) |
| 5:04 | Create | Fishing Ship |
| 5:09 | Build | House |
| 5:21 | Create | Villager (Male) |
| 5:46 | Create | Villager (Male) |
| 5:50 | Create | Fishing Ship |
| 5:56 | Build | Palisade Wall |
| 6:12 | Create | Villager (Male) |
| 6:14 | Create | Fishing Ship |
| 6:18 | Build | Palisade Wall |
| 6:39 | Create | Villager (Male) |
| 6:43 | Build | House |
| 7:08 | Create | Villager (Male) |
| 7:29 | Create | Fishing Ship |
| 7:38 | Create | Villager (Male) |
| 8:00 | Create | Fishing Ship |
| 8:03 | Create | Villager (Male) |
| 8:08 | Build | Dock |
| 8:18 | Build | House |
| 8:28 | Create | Villager (Male) |
| 8:44 | Create | Fishing Ship |
| 8:59 | Create | Villager (Male) |
| 8:59 | Create | Villager (Male) |
| 9:06 | Create | Fishing Ship |
| 9:14 | Build | House |
| 9:28 | Create | Fishing Ship |
| 9:29 | Create | Villager (Male) |
| 9:46 | Create | Villager (Male) |
| 9:55 | Create | Fishing Ship |
| 10:19 | Create | Villager (Male) |
| 10:21 | Create | Fishing Ship |
| 10:24 | Build | House |
| 10:33 | Create | Fishing Ship |
| 10:47 | Create | Villager (Male) |
| 10:53 | Create | Fishing Ship |
| 10:55 | Create | Villager (Male) |
| 11:09 | Create | Fishing Ship |
| 11:10 | Build | House |
| 11:16 | Create | Villager (Male) |
| 11:26 | Create | Villager (Male) |
| 11:48 | Build | Dock |
| 11:58 | Build | Lumber Camp |
| 12:18 | Research | Feudal Age |
| 12:52 | Build | Dock |
| 12:53 | Create | Villager (Male) |
| 13:17 | Build | House |
| 13:35 | Build | Mining Camp |
| 13:45 | Build | Lumber Camp |
| 14:09 | Build | House |
| 14:37 | Age | Feudal Age |
| 14:40 | Create | Unit 2626 |
| 14:40 | Create | Unit 2626 |
| 14:42 | Create | Villager (Male) |
| 14:44 | Create | Villager (Male) |
| 14:47 | Research | Town Watch |
| 14:48 | Research | Double-Bit Axe |
| 14:50 | Build | Blacksmith |
| 15:04 | Create | Unit 2626 |
| 15:07 | Create | Villager (Male) |
| 15:26 | Create | Villager (Male) |
| 15:29 | Create | Unit 2626 |
| 15:37 | Create | Villager (Male) |
| 15:53 | Create | Unit 2626 |
| 15:53 | Create | Unit 2626 |
| 16:04 | Create | Unit 2626 |
| 16:06 | Create | Unit 2626 |
| 16:07 | Create | Villager (Male) |
| 16:19 | Create | Unit 2626 |
| 16:31 | Create | Unit 2626 |
| 16:40 | Create | Villager (Male) |
| 16:49 | Create | Villager (Male) |
| 16:53 | Build | Barracks |
| 16:58 | Build | House |
| 17:39 | Create | Villager (Male) |
| 17:55 | Create | Villager (Male) |
| 17:56 | Build | Stable |
| 18:23 | Research | Castle Age |
| 18:23 | Research | Castle Age |
| 18:38 | Create | Unit 2626 |
| 18:38 | Create | Unit 2626 |
| 18:47 | Create | Unit 2626 |
| 18:56 | Create | Villager (Male) |
| 19:08 | Build | Mill |
| 19:39 | Create | Unit 2626 |
| 19:40 | Create | Unit 2626 |
| 19:43 | Create | Villager (Male) |
| 19:44 | Create | Villager (Male) |
| 20:00 | Research | Scale Barding Armor |
| 20:04 | Build | Stable |
| 20:05 | Build | Stable |
| 20:08 | Build | Farm |
| 20:09 | Build | Farm |
| 20:09 | Build | Farm |
| 20:10 | Build | Farm |
| 20:11 | Build | Farm |
| 20:37 | Create | Villager (Male) |
| 20:42 | Build | House |
| 20:48 | Age | Castle Age |
| 20:48 | Research | Forging |
| 20:51 | Create | Knight |
| 20:53 | Create | Knight |
| 20:59 | Research | War Galley (upgrade) |
| 21:08 | Create | Unit 2626 |
| 21:09 | Create | Unit 2626 |
| 21:09 | Create | Villager (Male) |
| 21:39 | Create | Unit 2626 |
| 21:39 | Create | Unit 2626 |
| 21:40 | Create | Villager (Male) |
| 21:40 | Create | Villager (Male) |
| 22:02 | Create | Unit 2626 |
| 22:02 | Create | Unit 2626 |
| 22:19 | Create | Villager (Male) |
| 22:22 | Build | Town Center |
| 22:25 | Build | House |
| 22:47 | Create | Villager (Male) |
| 22:48 | Create | Villager (Male) |
| 22:49 | Research | Gold Mining |
| 22:50 | Research | Bow Saw |
| 22:50 | Research | Bow Saw |
| 22:51 | Create | Villager (Male) |
| 23:23 | Create | Villager (Male) |
| 23:28 | Create | Knight |
| 23:33 | Create | Villager (Male) |
| 23:34 | Create | Villager (Male) |
| 24:02 | Create | Villager (Male) |
| 24:06 | Create | Fire Galley |
| 24:07 | Create | Fire Galley |
| 24:07 | Create | Fire Galley |
| 24:09 | Create | Villager (Male) |
| 24:10 | Create | Villager (Male) |
| 24:12 | Build | Farm |
| 24:13 | Build | Farm |
| 24:13 | Build | Farm |
| 24:15 | Build | Farm |
| 24:17 | Create | Villager (Male) |
| 24:19 | Create | Knight |
Build order — Elnath
First 150 of 198 actions detected
| 0:14 | Build | Town Center |
| 0:29 | Build | House |
| 1:24 | Build | Dock |
| 2:35 | Create | Villager (Male) |
| 2:35 | Create | Villager (Male) |
| 2:40 | Create | Villager (Male) |
| 2:50 | Create | Villager (Male) |
| 3:33 | Create | Fishing Ship |
| 3:33 | Create | Fishing Ship |
| 4:03 | Create | Villager (Male) |
| 4:04 | Create | Villager (Male) |
| 4:22 | Research | Loom |
| 4:27 | Build | House |
| 4:49 | Create | Fishing Ship |
| 4:49 | Create | Fishing Ship |
| 5:02 | Create | Villager (Male) |
| 5:32 | Create | Villager (Male) |
| 5:32 | Create | Villager (Male) |
| 5:54 | Create | Fishing Ship |
| 5:54 | Create | Fishing Ship |
| 5:58 | Create | Villager (Male) |
| 5:58 | Create | Villager (Male) |
| 6:15 | Create | Villager (Male) |
| 6:25 | Create | Fishing Ship |
| 6:30 | Build | House |
| 6:51 | Create | Villager (Male) |
| 6:51 | Create | Villager (Male) |
| 7:11 | Create | Villager (Male) |
| 7:19 | Build | House |
| 7:21 | Create | Fishing Ship |
| 7:39 | Create | Villager (Male) |
| 7:39 | Create | Villager (Male) |
| 7:48 | Create | Fishing Ship |
| 8:00 | Create | Villager (Male) |
| 8:22 | Create | Fishing Ship |
| 8:23 | Create | Villager (Male) |
| 8:35 | Create | Villager (Male) |
| 8:39 | Build | House |
| 8:52 | Build | Dock |
| 9:00 | Build | House |
| 9:03 | Create | Villager (Male) |
| 9:10 | Create | Fishing Ship |
| 9:30 | Create | Fishing Ship |
| 9:36 | Build | Palisade Wall |
| 9:40 | Create | Villager (Male) |
| 9:53 | Create | Fishing Ship |
| 9:54 | Create | Villager (Male) |
| 10:11 | Build | Mill |
| 10:15 | Create | Villager (Male) |
| 10:19 | Create | Fishing Ship |
| 10:29 | Create | Villager (Male) |
| 10:36 | Create | Villager (Male) |
| 10:45 | Build | House |
| 10:50 | Create | Fishing Ship |
| 11:02 | Create | Villager (Male) |
| 11:30 | Research | Feudal Age |
| 11:31 | Research | Feudal Age |
| 11:46 | Build | Lumber Camp |
| 12:25 | Create | Villager (Male) |
| 13:22 | Build | House |
| 13:40 | Age | Feudal Age |
| 13:42 | Build | Market |
| 13:47 | Build | Blacksmith |
| 13:49 | Research | Double-Bit Axe |
| 14:00 | Create | Villager (Male) |
| 14:09 | Research | Tech 906 |
| 14:14 | Build | House |
| 14:34 | Research | Castle Age |
| 14:34 | Research | Castle Age |
| 14:42 | Build | Dock |
| 14:55 | Create | Fishing Ship |
| 16:12 | Research | Horse Collar |
| 16:28 | Create | Unit 2626 |
| 16:28 | Create | Unit 2626 |
| 16:32 | Create | Fire Galley |
| 16:33 | Create | Fire Galley |
| 17:00 | Create | Villager (Male) |
| 17:14 | Age | Castle Age |
| 17:19 | Build | Town Center |
| 17:27 | Build | Town Center |
| 17:29 | Create | Villager (Male) |
| 17:43 | Research | Bow Saw |
| 17:46 | Create | Villager (Male) |
| 18:05 | Create | Villager (Male) |
| 18:18 | Create | Villager (Male) |
| 18:31 | Create | Villager (Male) |
| 18:40 | Create | Villager (Male) |
| 18:45 | Create | Villager (Male) |
| 18:49 | Create | Villager (Male) |
| 18:55 | Create | Villager (Male) |
| 18:57 | Build | Farm |
| 19:11 | Create | Villager (Male) |
| 19:16 | Create | Villager (Male) |
| 19:19 | Build | Mill |
| 19:24 | Create | Villager (Male) |
| 19:33 | Create | Villager (Male) |
| 19:35 | Create | Villager (Male) |
| 19:49 | Create | Villager (Male) |
| 19:58 | Create | Villager (Male) |
| 20:00 | Create | Villager (Male) |
| 20:03 | Build | Barracks |
| 20:04 | Create | Villager (Male) |
| 20:15 | Research | Wheelbarrow |
| 20:15 | Create | Villager (Male) |
| 20:26 | Create | Villager (Male) |
| 20:29 | Build | Farm |
| 20:30 | Create | Villager (Male) |
| 20:36 | Create | Villager (Male) |
| 20:40 | Build | Farm |
| 20:44 | Create | Villager (Male) |
| 20:55 | Build | Stable |
| 20:57 | Create | Villager (Male) |
| 21:01 | Build | Stable |
| 21:03 | Create | Villager (Male) |
| 21:05 | Build | Mining Camp |
| 21:14 | Build | Farm |
| 21:16 | Build | Farm |
| 21:17 | Build | Farm |
| 21:18 | Create | Villager (Male) |
| 21:27 | Research | Scale Barding Armor |
| 21:28 | Create | Villager (Male) |
| 21:41 | Create | Villager (Male) |
| 21:43 | Build | Farm |
| 21:45 | Build | Farm |
| 21:54 | Create | Knight |
| 21:54 | Create | Knight |
| 21:58 | Build | House |
| 22:04 | Create | Villager (Male) |
| 22:06 | Create | Villager (Male) |
| 22:13 | Create | Knight |
| 22:16 | Build | Stable |
| 22:17 | Create | Villager (Male) |
| 22:25 | Create | Villager (Male) |
| 22:30 | Create | Villager (Male) |
| 22:33 | Create | Villager (Male) |
| 22:38 | Build | Farm |
| 22:39 | Create | Knight |
| 22:42 | Research | Chain Barding Armor |
| 22:43 | Create | Knight |
| 22:49 | Build | House |
| 22:53 | Research | Bloodlines |
| 23:09 | Create | Knight |
| 23:10 | Create | Villager (Male) |
| 23:13 | Build | House |
| 23:14 | Build | House |
| 23:23 | Build | House |
| 23:24 | Build | House |
| 23:26 | Create | Knight |
| 23:28 | Build | Farm |
| 23:30 | Build | Farm |
Build order — Brunker
93 actions detected in the replay
| 0:14 | Build | Town Center |
| 0:23 | Build | Dock |
| 0:26 | Build | House |
| 2:43 | Create | Villager (Male) |
| 2:44 | Create | Villager (Male) |
| 2:44 | Create | Villager (Male) |
| 2:44 | Create | Villager (Male) |
| 3:28 | Create | Villager (Male) |
| 4:12 | Create | Fishing Ship |
| 4:12 | Create | Fishing Ship |
| 4:42 | Create | Villager (Male) |
| 4:44 | Build | House |
| 5:18 | Create | Villager (Male) |
| 5:45 | Research | Loom |
| 5:55 | Build | House |
| 6:00 | Create | Villager (Male) |
| 6:03 | Create | Fishing Ship |
| 6:07 | Build | House |
| 6:18 | Build | House |
| 6:27 | Build | House |
| 6:35 | Create | Fishing Ship |
| 6:45 | Create | Villager (Male) |
| 6:45 | Create | Villager (Male) |
| 6:55 | Build | House |
| 7:01 | Create | Villager (Male) |
| 7:29 | Create | Villager (Male) |
| 7:35 | Create | Villager (Male) |
| 7:43 | Build | House |
| 7:45 | Create | Fishing Ship |
| 7:46 | Create | Villager (Male) |
| 7:46 | Create | Villager (Male) |
| 8:15 | Build | Palisade Wall |
| 8:18 | Create | Fishing Ship |
| 8:19 | Create | Villager (Male) |
| 8:42 | Create | Villager (Male) |
| 8:52 | Build | House |
| 8:56 | Build | Palisade Wall |
| 9:01 | Create | Villager (Male) |
| 9:04 | Create | Fishing Ship |
| 9:49 | Build | House |
| 9:51 | Build | Palisade Wall |
| 10:05 | Build | Lumber Camp |
| 10:35 | Create | Villager (Male) |
| 10:51 | Create | Fishing Ship |
| 10:52 | Create | Villager (Male) |
| 11:23 | Research | Feudal Age |
| 11:36 | Build | Mining Camp |
| 11:41 | Build | Palisade Wall |
| 12:28 | Build | Barracks |
| 13:22 | Build | Outpost |
| 13:35 | Age | Feudal Age |
| 13:36 | Build | Stable |
| 13:40 | Create | Villager (Male) |
| 13:41 | Create | Villager (Male) |
| 13:54 | Build | House |
| 14:02 | Build | Palisade Wall |
| 14:06 | Build | Palisade Wall |
| 14:15 | Create | Scout Cavalry |
| 14:23 | Build | Blacksmith |
| 14:35 | Create | Scout Cavalry |
| 15:29 | Research | Castle Age |
| 15:29 | Research | Castle Age |
| 15:43 | Build | Mill |
| 15:52 | Create | Scout Cavalry |
| 17:00 | Build | Stable |
| 17:15 | Research | Forging |
| 17:16 | Research | Forging |
| 17:39 | Create | Scout Cavalry |
| 17:51 | Create | Villager (Male) |
| 18:03 | Create | Scout Cavalry |
| 18:09 | Age | Castle Age |
| 18:32 | Create | Steppe Lancer |
| 18:50 | Create | Steppe Lancer |
| 19:13 | Create | Steppe Lancer |
| 19:37 | Create | Steppe Lancer |
| 19:45 | Build | Pasture |
| 20:32 | Build | Town Center |
| 20:38 | Create | Steppe Lancer |
| 20:39 | Create | Steppe Lancer |
| 20:51 | Build | House |
| 22:39 | Build | Pasture |
| 23:35 | Build | Siege Workshop |
| 24:11 | Create | Villager (Male) |
| 24:12 | Create | Villager (Male) |
| 24:18 | Build | Pasture |
| 25:07 | Create | Villager (Male) |
| 25:07 | Create | Villager (Male) |
| 25:08 | Create | Iron Pagoda |
| 25:37 | Create | Villager (Male) |
| 26:02 | Build | Pasture |
| 26:13 | Create | Villager (Male) |
| 26:49 | Create | Villager (Male) |
| 26:54 | Build | Stable |
Build order — Calais
First 150 of 170 actions detected
| 0:18 | Build | Town Center |
| 0:37 | Build | Dock |
| 0:41 | Build | House |
| 2:35 | Create | Villager (Male) ×4 |
| 3:30 | Create | Fishing Ship |
| 3:41 | Create | Villager (Male) |
| 4:02 | Build | House |
| 4:24 | Research | Loom |
| 4:57 | Create | Villager (Male) |
| 5:05 | Create | Fishing Ship |
| 5:21 | Create | Villager (Male) |
| 5:21 | Create | Villager (Male) |
| 5:49 | Create | Fishing Ship |
| 5:51 | Create | Villager (Male) |
| 6:12 | Build | House |
| 6:16 | Create | Villager (Male) |
| 6:39 | Create | Fishing Ship |
| 6:46 | Create | Villager (Male) |
| 7:07 | Create | Villager (Male) |
| 7:10 | Build | House |
| 7:23 | Create | Fishing Ship |
| 7:27 | Create | Villager (Male) |
| 7:27 | Create | Villager (Male) |
| 7:43 | Build | House |
| 7:55 | Create | Villager (Male) |
| 7:56 | Create | Fishing Ship |
| 8:03 | Create | Villager (Male) |
| 8:25 | Build | House |
| 8:34 | Create | Villager (Male) |
| 8:36 | Create | Fishing Ship |
| 8:39 | Create | Villager (Male) |
| 8:39 | Create | Villager (Male) |
| 9:00 | Create | Villager (Male) |
| 9:01 | Create | Fishing Ship |
| 9:07 | Build | House |
| 9:28 | Create | Villager (Male) |
| 9:44 | Build | Dock |
| 9:51 | Build | Palisade Wall |
| 10:08 | Create | Villager (Male) |
| 10:09 | Create | Fishing Ship |
| 10:33 | Create | Fishing Ship |
| 10:42 | Create | Villager (Male) |
| 11:01 | Build | Lumber Camp |
| 11:04 | Create | Villager (Male) |
| 11:29 | Research | Feudal Age |
| 11:38 | Build | Mining Camp |
| 12:42 | Build | Mill |
| 13:39 | Age | Feudal Age |
| 13:40 | Create | Villager (Male) |
| 13:43 | Build | Market |
| 13:45 | Build | Blacksmith |
| 13:57 | Research | Town Watch |
| 13:57 | Research | Town Watch |
| 14:06 | Research | Double-Bit Axe |
| 14:32 | Research | Castle Age |
| 14:37 | Create | Unit 2626 |
| 14:39 | Create | Unit 2626 |
| 14:39 | Create | Unit 2626 |
| 14:54 | Build | House |
| 14:55 | Build | House |
| 15:09 | Research | Tech 906 |
| 15:25 | Create | Unit 2626 |
| 15:34 | Build | House |
| 15:34 | Build | House |
| 16:25 | Create | Unit 2626 |
| 16:51 | Create | Unit 2626 |
| 16:51 | Create | Unit 2626 |
| 17:12 | Age | Castle Age |
| 17:19 | Research | Bow Saw |
| 17:22 | Research | War Galley (upgrade) |
| 17:22 | Research | War Galley (upgrade) |
| 17:23 | Create | Villager (Male) |
| 17:24 | Create | Villager (Male) |
| 17:46 | Research | Fletching |
| 17:54 | Create | Galley |
| 17:54 | Create | Galley |
| 17:58 | Create | Villager (Male) |
| 18:05 | Build | Town Center |
| 18:25 | Research | Bodkin Arrow |
| 18:26 | Create | Villager (Male) |
| 18:26 | Create | Villager (Male) |
| 19:02 | Create | Galley |
| 19:02 | Create | Galley |
| 19:17 | Create | Villager (Male) |
| 19:22 | Build | Town Center |
| 19:28 | Create | Villager (Male) |
| 19:29 | Create | Villager (Male) |
| 19:35 | Create | Galley |
| 19:35 | Create | Galley |
| 19:55 | Create | Villager (Male) |
| 19:58 | Create | Villager (Male) |
| 19:59 | Create | Villager (Male) |
| 20:00 | Create | Villager (Male) |
| 20:24 | Create | Galley |
| 20:25 | Create | Galley |
| 20:58 | Create | Villager (Male) |
| 20:58 | Create | Villager (Male) |
| 20:59 | Create | Villager (Male) |
| 21:03 | Build | University |
| 21:15 | Create | Villager (Male) |
| 21:15 | Create | Villager (Male) |
| 21:15 | Create | Villager (Male) |
| 21:22 | Research | Horse Collar |
| 21:22 | Research | Horse Collar |
| 21:39 | Create | Villager (Male) |
| 21:41 | Create | Villager (Male) |
| 21:42 | Build | Farm |
| 21:44 | Build | Farm |
| 21:44 | Build | Farm |
| 21:45 | Build | Farm |
| 22:18 | Create | Galley |
| 22:19 | Create | Galley |
| 22:21 | Build | Dock |
| 22:22 | Create | Villager (Male) |
| 22:22 | Create | Villager (Male) |
| 22:22 | Create | Villager (Male) |
| 22:49 | Create | Villager (Male) |
| 22:50 | Create | Villager (Male) |
| 22:50 | Create | Villager (Male) |
| 22:55 | Build | Farm |
| 22:56 | Build | Farm |
| 22:56 | Build | Farm |
| 23:08 | Create | Unit 2626 |
| 23:10 | Create | Villager (Male) |
| 23:10 | Create | Villager (Male) |
| 23:10 | Create | Villager (Male) |
| 23:11 | Create | Villager (Male) |
| 23:12 | Create | Villager (Male) |
| 23:17 | Build | House |
| 23:18 | Build | House |
| 23:56 | Create | Villager (Male) |
| 23:56 | Create | Villager (Male) |
| 23:57 | Create | Villager (Male) |
| 23:59 | Create | Unit 2626 |
| 23:59 | Create | Unit 2626 |
| 24:21 | Build | House |
| 24:22 | Build | House |
| 24:22 | Build | House |
| 24:25 | Create | Villager (Male) |
| 24:25 | Create | Villager (Male) |
| 24:25 | Create | Villager (Male) |
| 24:31 | Build | Farm |
| 24:46 | Research | Ballistics |
| 24:47 | Create | Villager (Male) |
| 24:48 | Create | Villager (Male) |
| 24:48 | Create | Villager (Male) |
| 25:06 | Create | Villager (Male) |
| 25:10 | Research | Stone Mining |
| 25:13 | Research | Wheelbarrow |
| 25:15 | Build | Lumber Camp |
Build order — Eli
141 actions detected in the replay
| 0:42 | Build | Town Center |
| 0:47 | Build | Dock |
| 0:52 | Build | House |
| 3:02 | Create | Villager (Male) |
| 3:02 | Create | Villager (Male) |
| 3:03 | Create | Villager (Male) |
| 3:03 | Create | Villager (Male) |
| 4:04 | Create | Fishing Ship |
| 4:05 | Create | Villager (Male) |
| 4:29 | Build | House |
| 4:33 | Research | Loom |
| 5:01 | Create | Villager (Male) |
| 5:02 | Create | Villager (Male) |
| 5:21 | Research | Loom |
| 5:23 | Create | Villager (Male) |
| 5:24 | Create | Villager (Male) |
| 5:48 | Build | House |
| 5:59 | Build | House |
| 6:02 | Create | Fishing Ship |
| 6:02 | Create | Fishing Ship |
| 6:08 | Create | Villager (Male) |
| 6:11 | Build | House |
| 6:22 | Build | House |
| 6:26 | Build | House |
| 6:34 | Create | Villager (Male) |
| 6:49 | Create | Fishing Ship |
| 6:49 | Create | Fishing Ship |
| 7:00 | Create | Villager (Male) |
| 7:01 | Create | Villager (Male) |
| 7:20 | Create | Villager (Male) |
| 7:26 | Build | House |
| 7:43 | Create | Villager (Male) |
| 7:43 | Create | Villager (Male) |
| 7:49 | Create | Fishing Ship |
| 7:49 | Create | Fishing Ship |
| 7:56 | Create | Villager (Male) |
| 8:12 | Create | Villager (Male) |
| 8:18 | Create | Fishing Ship |
| 8:21 | Create | Villager (Male) |
| 8:57 | Create | Villager (Male) |
| 9:17 | Build | Lumber Camp |
| 10:05 | Research | Feudal Age |
| 10:51 | Build | House |
| 10:52 | Create | Villager (Male) |
| 11:05 | Build | Barracks |
| 12:17 | Age | Feudal Age |
| 12:18 | Build | Archery Range |
| 12:20 | Build | Blacksmith |
| 12:23 | Research | Double-Bit Axe |
| 12:23 | Research | Double-Bit Axe |
| 12:24 | Research | Town Watch |
| 12:26 | Create | Spearman |
| 12:46 | Build | House |
| 12:52 | Build | Outpost |
| 12:54 | Create | Villager (Male) |
| 13:04 | Create | Archer |
| 13:05 | Research | Fletching |
| 13:08 | Create | Archer |
| 13:21 | Create | Villager (Male) |
| 13:21 | Create | Villager (Male) |
| 13:40 | Create | Archer |
| 13:43 | Create | Villager (Male) |
| 13:43 | Create | Villager (Male) |
| 13:54 | Create | Archer |
| 13:58 | Build | Outpost |
| 14:04 | Create | Villager (Male) |
| 14:15 | Create | Spearman |
| 14:18 | Build | House |
| 14:34 | Build | Siege Workshop |
| 14:38 | Create | Archer |
| 14:39 | Create | Villager (Male) |
| 14:45 | Create | Villager (Male) |
| 14:56 | Build | Palisade Wall |
| 14:58 | Create | Archer |
| 15:18 | Create | Battering Ram |
| 15:33 | Create | Villager (Male) |
| 15:41 | Build | House |
| 15:42 | Create | Villager (Male) |
| 15:46 | Create | Archer |
| 16:02 | Build | Mill |
| 16:07 | Build | Mill |
| 16:09 | Create | Archer |
| 16:34 | Create | Archer |
| 16:42 | Create | Archer |
| 17:16 | Build | Mill |
| 17:27 | Build | House |
| 17:27 | Create | Archer |
| 17:53 | Create | Villager (Male) |
| 17:54 | Create | Battering Ram |
| 18:38 | Create | Villager (Male) |
| 18:46 | Create | Villager (Male) |
| 18:55 | Create | Battering Ram |
| 18:58 | Create | Archer |
| 19:15 | Create | Archer |
| 19:24 | Create | Villager (Male) |
| 19:24 | Create | Villager (Male) |
| 19:24 | Create | Villager (Male) |
| 19:25 | Build | Farm |
| 19:55 | Create | Villager (Male) |
| 19:59 | Build | House |
| 20:24 | Create | Villager (Male) |
| 20:48 | Create | Villager (Male) |
| 20:51 | Build | Farm |
| 21:00 | Build | Market |
| 21:04 | Create | Villager (Male) |
| 21:10 | Build | Farm |
| 21:13 | Build | Farm |
| 21:19 | Create | Villager (Male) |
| 21:21 | Build | Farm |
| 21:23 | Build | Farm |
| 21:47 | Create | Spearman |
| 21:56 | Create | Villager (Male) |
| 21:56 | Create | Villager (Male) |
| 22:09 | Research | Horse Collar |
| 22:09 | Research | Horse Collar |
| 22:18 | Build | Farm |
| 22:20 | Build | Farm |
| 22:21 | Create | Villager (Male) |
| 22:25 | Build | Lumber Camp |
| 22:38 | Create | Villager (Male) |
| 22:40 | Build | Farm |
| 22:42 | Build | Farm |
| 22:54 | Research | Wheelbarrow |
| 23:37 | Build | Farm |
| 23:39 | Build | Farm |
| 23:50 | Build | Farm |
| 24:06 | Create | Villager (Male) |
| 24:20 | Research | Castle Age |
| 25:42 | Create | Villager (Male) |
| 26:39 | Build | Stable |
| 27:00 | Age | Castle Age |
| 27:03 | Build | Town Center |
| 27:04 | Build | Town Center |
| 27:06 | Research | Bow Saw |
| 27:06 | Research | Bow Saw |
| 27:08 | Research | Scale Barding Armor |
| 27:09 | Create | Villager (Male) |
| 27:23 | Create | Knight |
| 27:24 | Research | Forging |
| 27:26 | Create | Villager (Male) |
| 27:50 | Create | Villager (Male) |
Build order — BoyWonder_
First 150 of 177 actions detected
| 0:08 | Build | Town Center |
| 0:41 | Build | Dock |
| 0:42 | Build | House |
| 2:27 | Create | Villager (Male) |
| 2:27 | Create | Villager (Male) |
| 2:28 | Create | Villager (Male) |
| 2:28 | Create | Villager (Male) |
| 2:28 | Create | Villager (Male) |
| 3:42 | Create | Fishing Ship |
| 3:42 | Create | Fishing Ship |
| 3:44 | Create | Villager (Male) |
| 4:20 | Build | House |
| 4:27 | Create | Villager (Male) |
| 4:53 | Create | Villager (Male) |
| 4:54 | Create | Villager (Male) |
| 5:13 | Create | Fishing Ship |
| 5:13 | Create | Fishing Ship |
| 5:21 | Create | Villager (Male) |
| 5:21 | Create | Villager (Male) |
| 5:35 | Build | House |
| 5:51 | Create | Villager (Male) |
| 6:09 | Create | Fishing Ship |
| 6:16 | Create | Villager (Male) |
| 6:16 | Create | Villager (Male) |
| 6:38 | Create | Villager (Male) |
| 6:51 | Build | House |
| 6:56 | Create | Fishing Ship |
| 7:08 | Create | Villager (Male) |
| 7:28 | Create | Villager (Male) |
| 7:28 | Create | Villager (Male) |
| 7:28 | Create | Villager (Male) |
| 7:34 | Create | Fishing Ship |
| 7:55 | Research | Loom |
| 8:10 | Create | Villager (Male) |
| 9:05 | Build | Town Center |
| 9:11 | Build | Town Center |
| 9:19 | Create | Fishing Ship |
| 9:23 | Build | House |
| 9:46 | Create | Villager (Male) |
| 9:52 | Create | Villager (Male) |
| 10:03 | Create | Villager (Male) |
| 10:27 | Create | Villager (Male) |
| 10:33 | Build | House |
| 10:40 | Create | Villager (Male) |
| 11:05 | Create | Villager (Male) |
| 11:15 | Build | House |
| 11:17 | Create | Villager (Male) |
| 11:18 | Create | Fishing Ship |
| 11:36 | Build | Palisade Wall |
| 11:37 | Build | Palisade Wall |
| 12:09 | Create | Fishing Ship |
| 12:28 | Build | Dock |
| 12:30 | Create | Villager (Male) |
| 12:44 | Create | Villager (Male) |
| 12:56 | Create | Fishing Ship |
| 13:32 | Create | Villager (Male) |
| 13:34 | Build | Lumber Camp |
| 13:50 | Create | Fishing Ship |
| 13:50 | Create | Fishing Ship |
| 13:51 | Create | Villager (Male) |
| 14:23 | Build | Mill |
| 14:25 | Create | Villager (Male) |
| 14:58 | Research | Feudal Age |
| 14:58 | Research | Feudal Age |
| 15:04 | Build | Mining Camp |
| 15:26 | Build | Barracks |
| 15:52 | Build | House |
| 16:03 | Create | Villager (Male) |
| 17:08 | Age | Feudal Age |
| 17:09 | Build | Stable |
| 17:10 | Build | Blacksmith |
| 17:14 | Build | House |
| 17:27 | Build | House |
| 17:28 | Create | Villager (Male) |
| 17:45 | Research | Double-Bit Axe |
| 17:45 | Research | Double-Bit Axe |
| 17:54 | Build | Mill |
| 17:56 | Research | Castle Age |
| 17:56 | Research | Castle Age |
| 17:58 | Create | Spearman |
| 18:08 | Create | Fire Galley |
| 18:08 | Create | Fire Galley |
| 18:23 | Create | Spearman |
| 18:35 | Build | Lumber Camp |
| 18:47 | Create | Spearman |
| 18:51 | Research | Scale Mail Armor |
| 18:52 | Research | Forging |
| 19:00 | Create | Spearman |
| 19:18 | Build | House |
| 19:20 | Create | Spearman |
| 19:48 | Create | Villager (Male) |
| 19:53 | Build | House |
| 19:55 | Build | Palisade Wall |
| 19:58 | Build | House |
| 20:07 | Build | House |
| 20:15 | Create | Spearman |
| 20:19 | Create | Villager (Male) |
| 20:22 | Build | Palisade Wall |
| 20:24 | Build | Palisade Wall |
| 20:26 | Build | Palisade Wall |
| 20:28 | Build | Palisade Wall |
| 20:30 | Build | Palisade Wall |
| 20:38 | Age | Castle Age |
| 20:41 | Create | Camel Scout |
| 20:41 | Create | Camel Scout |
| 20:43 | Build | Siege Workshop |
| 20:51 | Create | Camel Scout |
| 20:53 | Research | Scale Barding Armor |
| 20:53 | Research | Scale Barding Armor |
| 20:55 | Create | Villager (Male) |
| 20:57 | Build | House |
| 21:03 | Create | Villager (Male) |
| 21:10 | Create | Mangonel |
| 21:20 | Build | Town Center |
| 21:31 | Build | Palisade Wall |
| 21:32 | Build | Palisade Wall |
| 21:34 | Build | Palisade Wall |
| 21:44 | Create | Villager (Male) |
| 21:57 | Research | Husbandry |
| 21:57 | Research | Husbandry |
| 21:58 | Create | Villager (Male) |
| 22:23 | Build | Monastery |
| 22:25 | Create | Villager (Male) |
| 22:29 | Build | House |
| 22:31 | Create | Villager (Male) |
| 22:35 | Create | Camel Scout |
| 22:48 | Create | Villager (Male) |
| 22:49 | Create | Villager (Male) |
| 22:51 | Create | Camel Scout |
| 23:06 | Build | House |
| 23:09 | Build | Farm |
| 23:10 | Build | Farm |
| 23:31 | Build | Farm |
| 23:31 | Build | Farm |
| 23:32 | Build | Farm |
| 23:32 | Build | Farm |
| 23:34 | Create | Camel Scout |
| 23:42 | Create | Camel Scout |
| 23:50 | Create | Monk |
| 23:54 | Create | Camel Scout |
| 24:04 | Create | Villager (Male) |
| 24:07 | Build | Farm |
| 24:08 | Build | Farm |
| 24:08 | Build | Farm |
| 24:08 | Build | Farm |
| 24:09 | Build | Farm |
| 24:09 | Build | Farm |
| 24:09 | Build | Farm |
| 24:26 | Build | Mining Camp |
| 24:27 | Create | Villager (Male) |
Build order — DaddyWonder
First 150 of 222 actions detected
| 0:03 | Build | Town Center |
| 0:15 | Build | Dock |
| 0:17 | Build | House |
| 2:34 | Create | Villager (Male) |
| 2:34 | Create | Villager (Male) |
| 2:35 | Create | Villager (Male) |
| 2:35 | Create | Villager (Male) |
| 2:35 | Create | Villager (Male) |
| 3:20 | Create | Villager (Male) |
| 3:20 | Create | Villager (Male) |
| 3:44 | Build | House |
| 3:56 | Create | Fishing Ship |
| 4:31 | Create | Villager (Male) |
| 4:31 | Create | Villager (Male) |
| 4:39 | Build | House |
| 5:02 | Create | Villager (Male) |
| 5:02 | Create | Villager (Male) |
| 5:02 | Create | Villager (Male) |
| 5:09 | Build | House |
| 5:31 | Create | Villager (Male) |
| 5:31 | Create | Villager (Male) |
| 5:52 | Create | Fishing Ship |
| 6:01 | Create | Villager (Male) |
| 6:02 | Create | Villager (Male) |
| 6:25 | Create | Fishing Ship |
| 6:27 | Create | Villager (Male) |
| 6:28 | Create | Villager (Male) |
| 6:28 | Create | Villager (Male) |
| 6:46 | Create | Villager (Male) |
| 6:46 | Create | Villager (Male) |
| 6:46 | Create | Villager (Male) |
| 6:49 | Build | House |
| 7:10 | Create | Fishing Ship |
| 7:12 | Create | Villager (Male) |
| 7:12 | Create | Villager (Male) |
| 7:12 | Create | Villager (Male) |
| 7:17 | Build | House |
| 7:40 | Create | Villager (Male) |
| 7:46 | Build | House |
| 7:48 | Build | Palisade Wall |
| 8:04 | Create | Fishing Ship |
| 8:05 | Create | Villager (Male) |
| 8:06 | Create | Villager (Male) |
| 8:06 | Create | Villager (Male) |
| 8:06 | Create | Villager (Male) |
| 8:25 | Create | Fishing Ship |
| 8:27 | Create | Villager (Male) |
| 8:41 | Create | Villager (Male) |
| 8:54 | Create | Villager (Male) |
| 8:55 | Create | Villager (Male) |
| 9:04 | Build | Lumber Camp |
| 9:25 | Create | Villager (Male) |
| 9:31 | Create | Fishing Ship |
| 9:39 | Create | Villager (Male) |
| 10:07 | Build | House |
| 10:17 | Create | Villager (Male) |
| 10:22 | Create | Fishing Ship |
| 10:34 | Build | House |
| 10:36 | Create | Villager (Male) |
| 10:37 | Create | Fishing Ship |
| 10:46 | Build | Palisade Wall |
| 10:59 | Create | Villager (Male) |
| 11:01 | Build | House |
| 11:06 | Build | House |
| 11:07 | Build | House |
| 11:08 | Create | Fishing Ship |
| 11:47 | Build | Town Center |
| 11:52 | Build | House |
| 11:55 | Build | Palisade Wall |
| 12:14 | Build | House |
| 12:15 | Research | Feudal Age |
| 12:31 | Build | House |
| 12:35 | Build | Palisade Wall |
| 12:55 | Build | Dock |
| 13:05 | Create | Fishing Ship |
| 13:06 | Create | Villager (Male) |
| 13:11 | Build | Palisade Wall |
| 13:13 | Build | Palisade Wall |
| 13:16 | Build | House |
| 13:40 | Create | Fishing Ship |
| 13:40 | Create | Fishing Ship |
| 13:47 | Create | Fishing Ship |
| 13:56 | Build | House |
| 14:08 | Build | House |
| 14:10 | Build | Palisade Wall |
| 14:11 | Create | Villager (Male) |
| 14:14 | Build | Mining Camp |
| 14:18 | Build | Lumber Camp |
| 14:25 | Age | Feudal Age |
| 14:31 | Create | Galley |
| 14:39 | Create | Galley |
| 14:52 | Create | Villager (Male) |
| 14:53 | Create | Villager (Male) |
| 14:53 | Create | Villager (Male) |
| 14:55 | Research | Double-Bit Axe |
| 15:18 | Create | Fire Galley |
| 15:22 | Create | Galley |
| 15:33 | Create | Villager (Male) |
| 15:33 | Create | Villager (Male) |
| 15:34 | Create | Villager (Male) |
| 15:34 | Create | Villager (Male) |
| 15:34 | Create | Villager (Male) |
| 15:34 | Create | Villager (Male) |
| 15:59 | Create | Galley |
| 15:59 | Create | Galley |
| 16:03 | Create | Fire Galley |
| 16:07 | Build | House |
| 16:23 | Build | Mill |
| 16:24 | Create | Fire Galley |
| 16:24 | Create | Fire Galley |
| 16:47 | Create | Fire Galley |
| 16:55 | Create | Galley |
| 16:55 | Create | Galley |
| 16:57 | Create | Villager (Male) |
| 17:03 | Build | Blacksmith |
| 17:14 | Create | Fire Galley |
| 17:14 | Create | Fire Galley |
| 17:21 | Create | Villager (Male) |
| 17:27 | Build | Market |
| 17:55 | Create | Unit 2626 |
| 17:55 | Create | Unit 2626 |
| 18:04 | Create | Unit 2626 |
| 18:19 | Create | Unit 2626 |
| 18:32 | Create | Villager (Male) |
| 18:35 | Build | House |
| 18:54 | Research | Loom |
| 18:56 | Research | Loom |
| 19:07 | Build | House |
| 19:13 | Create | Unit 2626 |
| 19:21 | Research | Castle Age |
| 19:33 | Build | Mining Camp |
| 19:58 | Create | Villager (Male) |
| 20:04 | Build | Dock |
| 20:37 | Create | Fishing Ship |
| 20:37 | Create | Fishing Ship |
| 20:39 | Research | Tech 906 |
| 20:55 | Create | Fishing Ship |
| 20:55 | Create | Fishing Ship |
| 20:56 | Build | House |
| 20:57 | Build | House |
| 20:58 | Build | House |
| 21:39 | Create | Fishing Ship |
| 21:39 | Create | Fishing Ship |
| 21:39 | Create | Fishing Ship |
| 21:40 | Create | Fishing Ship |
| 22:01 | Create | Fishing Ship |
| 22:01 | Age | Castle Age |
| 22:15 | Research | War Galley (upgrade) |
| 22:21 | Build | Town Center |
| 22:29 | Create | Villager (Male) |
Build order — MC MC MC
First 150 of 161 actions detected
| 0:08 | Build | Town Center |
| 2:30 | Create | Villager (Male) |
| 2:30 | Create | Villager (Male) |
| 2:30 | Create | Villager (Male) |
| 2:31 | Create | Villager (Male) |
| 2:31 | Create | Villager (Male) |
| 3:42 | Research | Loom |
| 3:42 | Research | Loom |
| 4:20 | Build | Dock |
| 5:03 | Create | Villager (Male) |
| 5:13 | Create | Fishing Ship |
| 5:13 | Create | Fishing Ship |
| 5:33 | Create | Villager (Male) |
| 5:33 | Create | Villager (Male) |
| 5:34 | Create | Villager (Male) |
| 5:57 | Create | Villager (Male) |
| 5:57 | Create | Villager (Male) |
| 6:19 | Create | Villager (Male) |
| 6:20 | Create | Villager (Male) |
| 6:20 | Create | Villager (Male) |
| 6:34 | Create | Villager (Male) |
| 6:34 | Create | Villager (Male) |
| 7:15 | Create | Fishing Ship |
| 7:15 | Create | Fishing Ship |
| 7:15 | Create | Fishing Ship |
| 7:30 | Create | Villager (Male) |
| 7:31 | Create | Villager (Male) |
| 7:58 | Create | Fishing Ship |
| 7:59 | Create | Villager (Male) |
| 7:59 | Create | Villager (Male) |
| 7:59 | Create | Villager (Male) |
| 8:31 | Create | Villager (Male) |
| 8:39 | Build | Mill |
| 8:43 | Create | Villager (Male) |
| 9:07 | Create | Villager (Male) |
| 9:24 | Create | Villager (Male) |
| 9:28 | Create | Fishing Ship |
| 9:29 | Create | Fishing Ship |
| 10:00 | Create | Villager (Male) |
| 10:00 | Create | Villager (Male) |
| 10:21 | Create | Fishing Ship |
| 10:21 | Create | Fishing Ship |
| 11:00 | Create | Villager (Male) |
| 11:04 | Create | Fishing Ship |
| 11:04 | Create | Fishing Ship |
| 11:20 | Create | Villager (Male) |
| 11:30 | Build | Lumber Camp |
| 11:33 | Create | Villager (Male) |
| 11:59 | Research | Feudal Age |
| 12:00 | Research | Feudal Age |
| 12:42 | Create | Villager (Male) |
| 13:21 | Create | Villager (Male) |
| 14:02 | Create | Villager (Male) |
| 14:17 | Build | Barracks |
| 14:23 | Age | Feudal Age |
| 14:29 | Build | Blacksmith |
| 14:40 | Create | Villager (Male) |
| 15:24 | Build | Stable |
| 15:51 | Research | Castle Age |
| 15:51 | Research | Castle Age |
| 16:07 | Create | Unit 2626 |
| 16:30 | Research | Double-Bit Axe |
| 16:30 | Research | Double-Bit Axe |
| 16:32 | Create | Villager (Male) |
| 16:49 | Build | Dock |
| 17:01 | Research | Bloodlines |
| 17:01 | Research | Bloodlines |
| 17:03 | Research | Scale Barding Armor |
| 17:03 | Research | Forging |
| 17:03 | Research | Scale Barding Armor |
| 17:03 | Research | Forging |
| 17:12 | Create | Villager (Male) |
| 17:14 | Build | Lumber Camp |
| 17:48 | Create | Villager (Male) |
| 18:11 | Create | Scout Cavalry |
| 18:12 | Create | Scout Cavalry |
| 18:30 | Research | Tech 906 |
| 18:31 | Create | Unit 2626 |
| 18:31 | Create | Unit 2626 |
| 18:43 | Age | Castle Age |
| 18:47 | Create | Knight |
| 18:51 | Create | Knight |
| 18:52 | Research | Husbandry |
| 18:58 | Build | Monastery |
| 19:13 | Research | Bow Saw |
| 19:14 | Research | Bow Saw |
| 19:14 | Research | Bow Saw |
| 19:19 | Create | Villager (Male) |
| 19:38 | Create | Monk |
| 19:52 | Research | Town Watch |
| 19:52 | Research | Town Watch |
| 19:57 | Create | Villager (Male) |
| 20:24 | Create | Knight |
| 20:31 | Create | Villager (Male) |
| 20:36 | Create | Knight |
| 20:39 | Build | Siege Workshop |
| 20:56 | Create | Villager (Male) |
| 21:00 | Create | Villager (Male) |
| 21:04 | Build | Town Center |
| 21:12 | Create | Villager (Male) |
| 21:18 | Create | Knight |
| 21:19 | Create | Knight |
| 21:19 | Create | Knight |
| 21:48 | Create | Villager (Male) |
| 21:54 | Research | Pikeman (upgrade) |
| 21:54 | Research | Pikeman (upgrade) |
| 21:54 | Create | Spearman |
| 21:54 | Create | Spearman |
| 22:09 | Create | Villager (Male) |
| 22:09 | Create | Villager (Male) |
| 22:11 | Build | Market |
| 22:18 | Build | Farm |
| 22:18 | Build | Farm |
| 22:18 | Build | Farm |
| 22:19 | Build | Farm |
| 22:19 | Build | Farm |
| 22:47 | Create | Knight |
| 22:57 | Create | Villager (Male) |
| 22:57 | Create | Villager (Male) |
| 22:59 | Create | Mangonel |
| 22:59 | Create | Mangonel |
| 23:54 | Create | Mangonel |
| 23:54 | Create | Mangonel |
| 23:55 | Create | Villager (Male) |
| 23:55 | Create | Villager (Male) |
| 23:56 | Create | Villager (Male) |
| 23:56 | Create | Villager (Male) |
| 23:56 | Create | Villager (Male) |
| 24:05 | Create | Monk |
| 24:27 | Create | Scorpion |
| 24:28 | Create | Scorpion |
| 24:35 | Create | Spearman |
| 24:35 | Create | Spearman |
| 24:36 | Research | Squires |
| 24:36 | Research | Squires |
| 24:43 | Research | Iron Casting |
| 24:44 | Research | Iron Casting |
| 24:44 | Research | Iron Casting |
| 24:52 | Create | Monk |
| 24:52 | Create | Monk |
| 24:56 | Create | Villager (Male) |
| 25:07 | Create | Spearman |
| 25:07 | Create | Spearman |
| 25:19 | Create | Villager (Male) |
| 25:20 | Create | Villager (Male) |
| 25:35 | Create | Monk |
| 25:41 | Create | Spearman |
| 25:41 | Create | Spearman |
| 26:22 | Create | Spearman |
| 26:22 | Create | Spearman |
Match timeline
| 0:15 | DaddyWonder · first_building Dock |
| 0:23 | Brunker · first_building Dock |
| 0:37 | Calais · first_building Dock |
| 0:41 | BoyWonder_ · first_building Dock |
| 0:47 | Eli · first_building Dock |
| 1:24 | Elnath · first_building Dock |
| 2:04 | S-Tier Willy · first_building Dock |
| 2:08 | S-Tier Willy · wall_segment Palisade Wall x1 |
| 2:10 | S-Tier Willy · wall_segment Palisade Wall x1 |
| 4:20 | MC MC MC · first_building Dock |
| 5:56 | S-Tier Willy · wall_segment Palisade Wall x1 |
| 6:18 | S-Tier Willy · wall_segment Palisade Wall x1 |
| 7:48 | DaddyWonder · wall_segment Palisade Wall x1 |
| 8:15 | Brunker · wall_segment Palisade Wall x3 |
| 8:56 | Brunker · wall_segment Palisade Wall x5 |
| 9:36 | Elnath · wall_segment Palisade Wall x1 |
| 9:51 | Calais · wall_segment Palisade Wall x5 |
| 9:51 | Brunker · wall_segment Palisade Wall x4 |
| 10:46 | DaddyWonder · wall_segment Palisade Wall x1 |
| 11:05 | Eli · first_building Barracks |
| 11:36 | BoyWonder_ · wall_segment Palisade Wall x1 |
| 11:37 | BoyWonder_ · wall_segment Palisade Wall x1 |
| 11:41 | Brunker · wall_segment Palisade Wall x3 |
| 11:55 | DaddyWonder · wall_segment Palisade Wall x1 |
| 12:17 | Eli · age_up feudal |
| 12:18 | Eli · first_building Archery Range |
| 12:28 | Brunker · first_building Barracks |
| 12:35 | DaddyWonder · wall_segment Palisade Wall x1 |
| 13:11 | DaddyWonder · wall_segment Palisade Wall x1 |
| 13:13 | DaddyWonder · wall_segment Palisade Wall x1 |
| 13:35 | Brunker · age_up feudal |
| 13:36 | Brunker · first_building Stable |
| 13:39 | Calais · age_up feudal |
| 13:40 | Elnath · age_up feudal |
| 14:02 | Brunker · wall_segment Palisade Wall x4 |
| 14:06 | Brunker · wall_segment Palisade Wall x5 |
| 14:10 | DaddyWonder · wall_segment Palisade Wall x1 |
| 14:17 | MC MC MC · first_building Barracks |
| 14:23 | MC MC MC · age_up feudal |
| 14:25 | DaddyWonder · age_up feudal |
| 14:34 | Eli · first_building Siege Workshop |
| 14:37 | S-Tier Willy · age_up feudal |
| 14:56 | Eli · wall_segment Palisade Wall x4 |
| 15:24 | MC MC MC · first_building Stable |
| 15:26 | BoyWonder_ · first_building Barracks |
| 15:43 | Elnath · first_market_sell 100 food |
| 15:43 | Elnath · first_market_buy 100 wood |
| 16:53 | S-Tier Willy · first_building Barracks |
| 17:08 | BoyWonder_ · age_up feudal |
| 17:09 | BoyWonder_ · first_building Stable |
| 17:12 | Calais · age_up castle |
| 17:14 | Elnath · age_up castle |
| 17:56 | S-Tier Willy · first_building Stable |
| 18:09 | Brunker · age_up castle |
| 18:43 | MC MC MC · age_up castle |
| 18:58 | MC MC MC · first_building Monastery |
| 19:55 | BoyWonder_ · wall_segment Palisade Wall x1 |
| 20:03 | Elnath · first_building Barracks |
| 20:22 | BoyWonder_ · wall_segment Palisade Wall x1 |
| 20:24 | BoyWonder_ · wall_segment Palisade Wall x1 |
| 20:26 | BoyWonder_ · wall_segment Palisade Wall x1 |
| 20:28 | BoyWonder_ · wall_segment Palisade Wall x1 |
| 20:30 | BoyWonder_ · wall_segment Palisade Wall x1 |
| 20:38 | BoyWonder_ · age_up castle |
| 20:39 | MC MC MC · first_building Siege Workshop |
| 20:43 | BoyWonder_ · first_building Siege Workshop |
| 20:48 | S-Tier Willy · age_up castle |
| 20:55 | Elnath · first_building Stable |
| 21:31 | BoyWonder_ · wall_segment Palisade Wall x1 |
| 21:32 | BoyWonder_ · wall_segment Palisade Wall x1 |
| 21:34 | BoyWonder_ · wall_segment Palisade Wall x1 |
| 22:01 | DaddyWonder · age_up castle |
| 22:06 | Eli · first_market_buy 100 food |
| 22:23 | BoyWonder_ · first_building Monastery |
| 23:35 | Brunker · first_building Siege Workshop |
| 23:46 | DaddyWonder · first_market_buy 100 wood |
| 24:12 | Eli · first_market_sell 100 wood |
| 25:07 | DaddyWonder · wall_segment Stone Wall x1 |
| 25:40 | DaddyWonder · first_building Barracks |
| 26:39 | Eli · first_building Stable |
| 26:40 | Calais · first_market_buy 100 stone |
| 27:00 | Eli · age_up castle |
| 27:06 | DaddyWonder · first_market_sell 100 stone |
| 27:34 | S-Tier Willy · resign |
[ AI ANALYSIS · 1 CREDIT ]
What really happened in this match?
Wolo.gg analyzes every decision: build order, eco, micro, common mistakes by bracket. Personalized analysis on WhatsApp or Discord in 30 seconds.
Civ guide
Persians
Perfil
S-Tier Willy